 Dungeon Crawl Stone Soup version 0.17-a0-1475-g9f81d98 (webtiles) character file.

29 Sixotanaka the Grave Robber (level 3, 0/19 HPs)
             Began as a Kobold Necromancer on July 2, 2015.
             Succumbed to an adder's poison
             ... on level 1 of the Dungeon.
             The game lasted 00:04:35 (1154 turns).

Sixotanaka the Grave Robber (Kobold Necromancer)    Turns: 1154, Time: 00:04:35

Health: 0/19       AC:  2    Str:  6    XL:     3   Next: 32%
Magic:  4/6        EV: 15    Int: 13    God:
Gold:   89         SH:  0    Dex: 17    Spells: 1 memorised, 5 levels left

rFire  . . .     SeeInvis .     d - +0 dagger
rCold  . . .     Clarity  .     a - +0 robe
rNeg   . . .     SustAt   .     (shield restricted)
rPois  .         Gourm    .     (no helmet)
rElec  .         Spirit   .     (no cloak)
rCorr  .         Warding  .     (no gloves)
rMut   .         Stasis   .     (no boots)
MR     .....                    (no amulet)
Stlth  +++.......               (no ring)
                                (no ring)

@: lethally poisoned (0 -> -3), not resistant to hostile enchantments, fairly
stealthy
A: carnivore 3
a: no special abilities


You were on level 1 of the Dungeon.
You were very full.

You visited 1 branch of the dungeon, and saw 2 of its levels.

You collected 89 gold pieces.


Innate Abilities, Weirdness & Mutations

You are small and have problems with some larger weapons.
You are carnivorous and can eat meat at any time.


   Skills:
 * Level 2.1 Short Blades
 - Level 2.4 Dodging
 + Level 3.1 Stealth
 - Level 2.0 Spellcasting
 - Level 4.4 Necromancy


You had 5 spell levels left.
You knew the following spells:

 Your Spells              Type           Power        Failure   Level  Hunger
z - Pain                  Necr           ##..         6%          1    ##.....


Dungeon Overview and Level Annotations

Branches:
Dungeon (2/15)

Altars:

Inventory:

Hand weapons
 d - a +0 dagger (weapon)
Missiles
 e - 7 tomahawks (quivered)
Armour
 a - a +0 robe (worn)
Scrolls
 i - 2 scrolls of remove curse {unknown}
Books
 b - a book of Necromancy
Comestibles
 c - a meat ration
 g - a royal jelly

...##.#### #.#
#......####.. ....#....#
#.# #####((...#..
....####.#######.#
##....... ...##
#.....#...# #.....รท..
...#########.#.###
###....#.. .......#
##....# #.........
.......# #..)#####
###.######..
.......###.#.....## ##...#
##.
.......##..#####@.###..###
#. ..........##
####.....## #.
........######.......## #.
........##.....##....# #.
............#####....# ##
.......##...#####....# #
.......##.#.##.......## #
..##.##...#.##.#####..## #
.##.....###....######..# #


There were no monsters in sight!


Message History

Casting: Pain
Aiming: Pain
Aim: an adder (heavily wounded, chance to defeat MR: 76%)
You miscast Pain.
You are very lightly contaminated with residual magic.
Nothing appears to happen.
You feel sick. The adder bites you.
You are lethally poisoned!
The adder poisons you!
Casting: Pain
Aiming: Pain
Aim: an adder (heavily wounded, chance to defeat MR: 76%)
The adder convulses in agony!
You kill the adder!
Your Short Blades skill increases to level 2!
* * * LOW HITPOINT WARNING * * *
You feel sick.
* * * LOW HITPOINT WARNING * * *
You feel sick.
Drink which item? (? for menu, Esc to quit)
It was a potion of flight.
You feel very buoyant.
You fly up into the air.
* * * LOW HITPOINT WARNING * * *
You feel sick.
Drink which item? (? for menu, Esc to quit)
It was a potion of cancellation.
Your magical effects are unravelling.
Your magical contamination has completely faded away.
You feel magically purged.
You float gracefully downwards.
* * * LOW HITPOINT WARNING * * *
You feel sick.
* * * LOW HITPOINT WARNING * * *
You feel sick.
There is a stone staircase leading up here.
You aren't carrying any potions.
Unknown command.
Okay, then.
You climb upwards.
* * * LOW HITPOINT WARNING * * *
You feel sick.
There is a stone staircase leading down here.
Memorise Regeneration, consuming 3 spell levels and leaving 2?
You start memorising the spell.
You continue memorising.
Your memorisation is interrupted.
* * * LOW HITPOINT WARNING * * *
You feel sick.
Memorise Regeneration, consuming 3 spell levels and leaving 2?
You start memorising the spell.
You continue memorising.
You continue memorising. x2
Your memorisation is interrupted.
* * * LOW HITPOINT WARNING * * *
You feel sick.
Memorise Regeneration, consuming 3 spell levels and leaving 2?
You start memorising the spell.
You continue memorising.
You continue memorising. x2
Your memorisation is interrupted.
* * * LOW HITPOINT WARNING * * *
You feel sick.
Memorise Regeneration, consuming 3 spell levels and leaving 2?
You start memorising the spell.
You continue memorising.
You continue memorising. x2
Your memorisation is interrupted.
* * * LOW HITPOINT WARNING * * *
You feel sick.
Memorise Regeneration, consuming 3 spell levels and leaving 2?
You start memorising the spell.
You continue memorising.
You continue memorising. x2
Your memorisation is interrupted.
You die...

Action                   || total
-------------------------++-------
Throw: Tomahawk          ||    12
 Cast: Pain              ||    37
  Use: Potion            ||     2
  Eat: Chunk             ||     9

Vault maps used:
D:1:      dpeg_arrival_rooms_c

Notes
Turn   | Place    | Note
--------------------------------------------------------------
     0 | D:1      | Sixotanaka the Kobold Necromancer began the quest for the Orb.
     0 | D:1      | Reached XP level 1. HP: 10/10 MP: 3/3
   196 | D:1      | Reached XP level 2. HP: 10/15 MP: 1/5
   754 | D:1      | Reached skill level 1 in Short Blades
   819 | D:2      | Reached skill level 3 in Stealth
  1092 | D:2      | Reached XP level 3. HP: 19/19 MP: 4/6
  1127 | D:2      | Reached skill level 2 in Short Blades
  1136 | D:1      | HP: 4/19 [poisoned by an adder]
  1142 | D:1      | HP: 3/19 [poisoned by an adder]
  1150 | D:1      | HP: 1/19 [poisoned by an adder]
  1154 | D:1      | Succumbed to an adder's poison

Vanquished Creatures
  An adder (D:2)
  A ball python (D:2)
  5 bats
  A hobgoblin (D:1)
  3 jackals (D:1)
  2 kobolds
  A giant gecko (D:2)
  2 giant newts
  2 goblins (D:1)
  3 rats
21 creatures vanquished.
